 Dungeon Crawl Stone Soup version 0.19.5 (webtiles) character file.

3675 Peloso the Carver (level 9, -2/79 HPs)
             Began as a Minotaur Fighter on May 16, 2017.
             Was an Initiate of Okawaru.
             Killed by divine providence
             ... invoked by an orc priest
              (10 damage)
             ... on level 8 of the Dungeon.
             The game lasted 00:15:57 (6872 turns).

Peloso the Carver (Minotaur Fighter)                Turns: 6872, Time: 00:15:58

Health: -2/79      AC: 17    Str: 22    XL:     9   Next: 89%
Magic:  8/8        EV:  6    Int:  5    God:    Okawaru [......]
Gold:   380        SH: 12    Dex: 12    Spells: 0 memorised, 8 levels left

rFire  + . .     SeeInvis .     a - +0 long sword
rCold  + . .     Gourm    .     O - +1 plate armour {rC+}
rNeg   . . .     Faith    .     c - +0 shield
rPois  .         Spirit   .     (helmet restricted)
rElec  .         Reflect  .     P - +0 cloak
rCorr  .         Harm     .     A - +0 pair of gloves
MR     .....                    (no boots)
Stlth  ..........               (no amulet)
                                (no ring)
                                u - ring of protection from fire

@: no status effects
A: retaliatory headbutt, horns 2
a: Renounce Religion


You were on level 8 of the Dungeon.
You worshipped Okawaru.
Okawaru was noncommittal.
You were not hungry.

You visited 2 branches of the dungeon, and saw 9 of its levels.
You also visited: Sewer.

You collected 380 gold pieces.

Inventory:

Hand Weapons
 a - a +0 long sword (weapon)
 y - a +1 whip of flaming
Armour
 c - a +0 shield (worn)
 q - a +1 chain mail of fire resistance
 A - a +0 pair of gloves (worn)
 O - a +1 plate armour of cold resistance (worn)
 P - a +0 cloak (worn)
Jewellery
 u - a ring of protection from fire (left hand)
 T - an uncursed amulet of rage
Wands
 j - a wand of confusion (16/48)
 l - a wand of iceblast (10/15)
 B - a wand of random effects (39/48)
 Q - a wand of slowing (25/48)
Scrolls
 m - 7 scrolls of remove curse {unknown}
 n - 4 scrolls of immolation {unknown}
 s - 4 scrolls of enchant armour {unknown}
 t - 4 scrolls of teleportation {unknown}
 v - 4 scrolls of magic mapping {unknown}
 w - 5 scrolls of identify
 E - a scroll of blinking {unknown}
 G - 2 scrolls of amnesia {unknown}
 I - 3 scrolls of recharging {unknown}
 M - 2 scrolls of fog
Potions
 b - a potion of beneficial mutation {unknown}
 d - 3 potions of might
 e - a potion of invisibility
 g - 2 potions of curing
 h - 3 potions of brilliance
 k - a potion of agility {unknown}
 o - 3 potions of flight {unknown}
 x - 3 potions of magic {unknown}
 z - 2 potions of cancellation {unknown}
 C - 2 potions of ambrosia {unknown}
 D - a potion of cure mutation {unknown}
 H - a potion of resistance {unknown}
 J - 4 potions of heal wounds {unknown}
 K - a potion of lignification {unknown}
 R - a potion of degeneration {unknown}
Books
 L - a book of Misfortune

   Spells                             Type                      Level
   a - Confusing Touch                Hexes                        1
   b - Confuse                        Hexes                        3
   c - Gell's Gravitas                Hexes/Translocation          3
   d - Petrify                        Transmutation/Earth          4
   e - Metabolic Englaciation         Hexes/Ice                    5
   f - Yara's Violent Unravelling     Hexes/Transmutation          5
 N - a book of Debilitation

   Spells                             Type                      Level
   a - Corona                         Hexes                        1
   b - Slow                           Hexes                        2
   c - Gell's Gravitas                Hexes/Translocation          3
   d - Inner Flame                    Hexes/Fire                   3
   e - Cause Fear                     Hexes                        4
   f - Leda's Liquefaction            Hexes/Earth                  4
Comestibles
 f - 7 bread rations
 i - 2 royal jellies
 p - 3 meat rations
 r - 8 beef jerkies
 F - a fruit
 S - a chunk of flesh


   Skills:
 + Level 7.2 Fighting
 + Level 10.4 Long Blades
 + Level 8.8 Armour
 + Level 2.5 Dodging
 + Level 0.5 Stealth
 + Level 9.2 Shields


You had 8 spell levels left.
You didn't know any spells.

Dungeon Overview and Level Annotations

Branches:
Dungeon (8/15)             Temple (1/1) D:7            Lair (0/6) D:8

Altars:
Cheibriados
Dithmenos
Elyvilon
Fedhas
Gozag
Hepliaklqana
Kikubaaqudgha
Makhleb
Nemelex Xobeh
Okawaru
Qazlal
Ru
Sif Muna
Trog
Uskayaw
Vehumet
Xom
Yredelemnul
Zin
The Shining One


Innate Abilities, Weirdness & Mutations

You reflexively headbutt those who attack you in melee.
You have a pair of horns on your head.


Message History

Unknown command.
You completely miss the warg.
The warg is moderately wounded.
You block the warg's attack. The orc barely misses you.
You furiously retaliate!
You headbutt the orc!
You kill the orc!
Okawaru accepts your kill. The warg bites you but does no damage.
The orc priest begins to cast a cantrip, but forgets the words!
The warg bites you but does no damage.
Okay, then.
The warg bites you but does no damage. The warg bites you.
* * * LOW HITPOINT WARNING * * *
The orc priest looks encouraged for a moment.
The warg bites you but does no damage. You block the warg's attack.
The orc priest invokes the aid of Beogh against you.
Beogh smites you!
You die...

..................#
##..##
..................#
#..###
..................##
##.##
##.....##########..##
#..# ##...## ##..####
##..### #...#
##.....###.....##
#..##
##..#.....†.......
#..#
###.............####
#.##
###h.@..........###
...
#####H.h..#..........#
#..o.h#####..........#
#.o)### #..#........#
#.### #..###........#
....P.).# ...#
##....###.. ......?.#
##..## #. ..>......
.........


You could see a hippogriff, 3 wargs and 2 orc priests.

Vanquished Creatures
  Pikel (D:4)
  Grinder (D:6)
  A hungry ghost (D:7)
  Edmund (D:6)
  An ice beast (D:5)
  A black bear (D:6)
  An orc warrior (D:7)
  A sky beast (D:8)
  A phantom (D:6)
  7 ogres
  A centaur (D:5)
  A big kobold (D:7)
  5 bullfrogs
  A water moccasin skeleton (D:7)
  2 scorpions
  A howler monkey (D:4)
  2 crimson imps
  2 bullfrog zombies
  2 jellies
  2 orc priests
  Crazy Yiuf (D:6)
  A centaur skeleton (D:6)
  A hound (D:6)
  A bullfrog skeleton (D:5)
  2 iguanas
  3 orc wizards
  6 worker ants
  A hound zombie (D:5)
  A hound skeleton (D:4)
  6 gnolls
  13 adders
  4 river rats (Sewer)
  3 oozes
  An adder skeleton (D:4)
  3 worms (D:3)
  4 dart slugs
  6 leopard geckos
  20 orcs
  13 ball pythons
  6 bats
  9 giant cockroaches
  10 goblins
  5 hobgoblins
  4 quokkas
  A ball python skeleton (D:4)
  4 frilled lizards
  9 kobolds
  A leopard gecko skeleton (D:7)
  A quokka skeleton (D:6)
  34 rats
209 creatures vanquished.

Vanquished Creatures (others)
  An ogre (D:6)
  A howler monkey (D:4)
  An adder (D:4)
  A jackal skeleton (D:4)
4 creatures vanquished.

Grand Total: 213 creatures vanquished

Notes
Turn   | Place    | Note
-------+----------+-------------------------------------------
     0 | D:1      | Peloso the Minotaur Fighter began the quest for the Orb.
     0 | D:1      | Reached XP level 1. HP: 19/19 MP: 0/0
   330 | D:1      | Reached XP level 2. HP: 17/27 MP: 1/1
   907 | D:2      | Reached XP level 3. HP: 26/33 MP: 2/2
   960 | D:2      | Reached skill level 3 in Long Blades
  1116 | D:2      | Found a deep blue altar of Sif Muna.
  1134 | D:2      | Found a sparkling altar of Nemelex Xobeh.
  1147 | D:2      | Reached XP level 4. HP: 40/40 MP: 3/3
  1505 | D:3      | Reached skill level 1 in Dodging
  1826 | D:3      | Reached XP level 5. HP: 32/46 MP: 4/4
  1969 | D:4      | Reached skill level 4 in Long Blades
  1969 | D:4      | Reached skill level 5 in Shields
  2053 | D:4      | Noticed a slave
  2054 | D:4      | Noticed Pikel
  2055 | D:4      | Noticed a slave
  2056 | D:4      | Noticed a slave
  2058 | D:4      | Noticed a slave
  2071 | D:4      | Killed Pikel
  2071 | D:4      | Reached skill level 5 in Fighting
  2071 | D:4      | Reached skill level 6 in Long Blades
  2071 | D:4      | Reached skill level 5 in Armour
  2071 | D:4      | Reached XP level 6. HP: 39/56 MP: 5/5
  2071 | D:4      | Reached XP level 7. HP: 42/61 MP: 6/6
  2353 | D:4      | Reached skill level 7 in Long Blades
  2544 | D:5      | Entered Level 5 of the Dungeon
  2570 | D:5      | Reached XP level 8. HP: 6/69 MP: 7/7
  3429 | D:5      | Reached skill level 8 in Long Blades
  3904 | D:5      | Found a faded altar of an unknown god.
  3904 | D:5      | Found a faded altar of an unknown god.
  3909 | D:5      | Found a faded altar of an unknown god.
  3911 | D:5      | Found a stormy altar of Qazlal.
  3913 | D:5      | Found a faded altar of an unknown god.
  4308 | D:6      | Noticed Grinder
  4317 | D:6      | Paralysed by Grinder for 6 turns
  4327 | D:6      | Killed Grinder
  4366 | D:6      | Reached skill level 9 in Long Blades
  4402 | D:6      | Reached XP level 9. HP: 49/75 MP: 8/8
  4526 | D:6      | Noticed Edmund
  4541 | D:6      | Killed Edmund
  4708 | D:6      | Found a glowing drain.
  4720 | Sewer    | Entered a sewer
  5437 | D:6      | Found a runed door.
  5462 | D:6      | Noticed Crazy Yiuf
  5466 | D:6      | Killed Crazy Yiuf
  5588 | D:7      | Found a sparkling altar of Nemelex Xobeh.
  5785 | D:7      | Reached skill level 10 in Long Blades
  5879 | D:7      | Found a staircase to the Ecumenical Temple.
  5887 | Temple   | Entered the Ecumenical Temple
  6193 | Temple   | Became a worshipper of Warmaster Okawaru
  6848 | D:8      | Found a staircase to the Lair.
  6872 | D:8      | Killed from afar by an orc priest

Skill      XL: |  1  2  3  4  5  6  7  8  9 |
---------------+----------------------------+-----
Shields        | 4 5 6 7 9 |  9.2
Armour         | 4 5 7 8 |  8.8
Long Blades    | 3 6 7 9 10 | 10.4
Fighting       | 4 5 6 7 |  7.2
Dodging        | 1 2 |  2.5
Stealth        | |  0.5

Action                   |  1- 3 |  4- 6 |  7- 9 || total
-------------------------+-------+-------+-------++-------
Melee: Long sword        |    90 |   142 |   457 ||   689
       Headbutt          |    13 |    25 |   116 ||   154
  Use: Scroll            |       |       |     5 ||     5
       Potion            |       |       |     1 ||     1
  Eat: Chunk             |     1 |     3 |    16 ||    20
       Beef jerky        |       |       |     1 ||     1
Armor: Scale mail        |    30 |       |       ||    30
       Chain mail        |    21 |    55 |       ||    76
       Plate armour      |       |     9 |   265 ||   274
Dodge: Dodged            |    22 |    30 |   117 ||   169
Block: Shield            |    49 |    55 |   310 ||   414
       Rpst.: Long sword |     6 |     7 |    35 ||    48
